Map: Emerald City LE

Players

Monkey

  • Race: Terran Terran
  • Spawn Location: 5:00

Ruginila

  • Race: Protoss Protoss
  • Spawn Location: 5:00

Massa - Winner!

  • Race: Terran Terran
  • Spawn Location: 11:00

qqq - Winner!

  • Race: Protoss Protoss
  • Spawn Location: 11:00

VOD

Have the link to the VOD?

Description

Time

  • Played on: June 11, 2020, 6:42 a.m.
  • Length: 9:27
Show
View Real Time Build Order
Export as new Build Order

Monkey Terran 

Build Orders: Liberator Opening, Reaper Expand 

Get SALT Encoding   

  12  0:01  SCV  
  13  0:13  SCV  
  14  0:17  Supply Depot  
  14  0:26  SCV  
  15  0:39  SCV  
  15  0:40  Barracks  
  16  0:49  Refinery  
  16  0:51  SCV  
  17  1:03  SCV  
  18  1:15  SCV  
  19  1:28  Orbital Command  
  19  1:32  Reaper  
  20  1:41  Command Center  
  20  2:02  SCV  
  21  2:17  Factory  
  21  2:18  Refinery  
  21  2:22  SCV  
  22  2:23  Supply Depot  
  22  2:27  Barracks Reactor  
  22  2:34  SCV  
  23  2:46  SCV  
  24  2:58  SCV  
  25  3:01  Factory Tech Lab  
  25  3:04  Marine x2  
  27  3:06  Orbital Command  
  27  3:12  SCV  
  28  3:20  Starport  
  28  3:24  SCV  
  29  3:33  SCV  
  29  3:39  Marine  
  29  3:40  Marine, Siege Tank  
  34  3:48  SCV  
  35  3:49  SCV, Command Center  
  36  3:58  Liberator  
  36  3:59  Marine  
  36  4:00  SCV, Marine  
  42  4:05  Engineering Bay  
  42  4:26  Marine, Siege Tank  
  42  4:31  Supply Depot x2  
  46  4:35  Marine  
  46  4:37  Missile Turret  
  47  4:38  Missile Turret  
  47  4:43  SCV x2  
  47  4:44  Marine  
  50  4:53  Marine  
  50  4:54  Refinery  
  50  4:55  SCV x2  
  53  5:01  Siege Tank  
  53  5:02  Marine  
  57  5:11  Marine  
  58  5:14  SCV x2  
  58  5:20  Marine  
  61  5:23  Refinery  
  61  5:26  SCV x2  
  63  5:29  Marine  
  63  5:31  Starport Reactor  
  61  5:41  Barracks  
  61  5:43  Barracks  
  61  5:47  Orbital Command  
  61  5:49  SCV  
  62  5:52  Missile Turret  
  62  5:53  Missile Turret  
  62  5:55  Supply Depot  
  62  5:57  Terran Infantry Weapons Level 1  
  62  5:58  SCV  
  62  6:01  SCV  
  64  6:07  Marine x2  
  64  6:11  Medivac x2  
  70  6:12  SCV  
  70  6:14  SCV  
  70  6:17  Missile Turret  
  72  6:20  Supply Depot  
  72  6:23  SCV  
  73  6:27  Marine x2  
  73  6:29  Siege Tank  
  73  6:31  Barracks Tech Lab  
  73  6:32  Barracks Reactor  
  78  6:36  SCV  
  79  6:40  SCV x2  
  79  6:41  Missile Turret  
  81  6:47  Missile Turret  
  81  6:48  SCV, Viking  
  81  6:49  Viking  
  81  6:50  Marine  
  81  6:51  Marine  
  81  6:52  SCV  
  89  7:11  SCV, Missile Turret x2  
  89  7:14  Refinery  
  90  7:15  Refinery  
  90  7:19  Marine x4  
  95  7:23  SCV  
  95  7:24  Siege Tank  
  95  7:27  Marauder  
  95  7:29  Stimpack  
  100  7:37  Marine  
  101  7:50  Supply Depot x2  
  101  7:51  Supply Depot  
  101  7:52  Supply Depot  
  101  7:56  Supply Depot x2  
  101  7:58  Supply Depot  
  101  8:11  SCV, Marine x2, Medivac x2  
  108  8:15  SCV x2  
  110  8:21  Engineering Bay  
  110  8:22  Armory  
  110  8:23  SCV  
  111  8:27  SCV  
  111  8:28  SCV  
  111  8:32  Barracks  
  111  8:34  Barracks  
  113  8:35  SCV  
  113  8:40  SCV x2  
  116  8:47  SCV  
  117  9:02  Missile Turret  
  117  9:03  Missile Turret  
  117  9:04  Missile Turret  
  117  9:08  Missile Turret  
  117  9:09  Missile Turret  
Show
View Real Time Build Order
Export as new Build Order

Ruginila Protoss 

Build Orders:  

Get SALT Encoding   

  12  0:01  Probe  
  13  0:13  Probe  
  14  0:18  Pylon  
  14  0:25  Probe  
  15  0:34  Probe  
  15  0:39  Gateway  
  15  0:42  Probe  
  17  0:51  Probe  
  17  0:52  Assimilator  
  18  1:03  Probe  
  19  1:04  Assimilator  
  19  1:10  Pylon  
  19  1:16  Probe  
  20  1:27  Cybernetics Core  
  20  1:28  Probe  
  21  1:34  Gateway  
  21  1:40  Probe  
  22  1:52  Probe  
  23  1:54  Warp Gate  
  23  2:00  Pylon  
  23  2:03  Stalker  
  25  2:12  Stalker  
  25  2:15  Twilight Council  
  25  2:17  Probe  
  28  2:33  Stalker  
  30  2:41  Stalker  
  32  2:50  Pylon  
  32  2:51  Charge  
  32  3:15  Nexus  
  32  3:22  Pylon  
  32  3:26  Probe  
  33  3:36  Forge  
  33  3:44  Probe  
  33  3:47  Stalker  
  36  3:50  Sentry  
  38  3:57  Probe  
  39  4:09  Probe  
  40  4:12  Pylon  
  40  4:14  Pylon  
  40  4:17  Protoss Ground Weapons Level 1  
  40  4:18  Blink  
  40  4:32  Probe x2  
  42  4:44  Probe x2  
  44  4:53  Photon Cannon  
  44  4:56  Probe x2  
  44  4:58  Photon Cannon  
  46  5:10  Gateway  
  46  5:17  Gateway  
  46  5:18  Probe x2  
  46  5:20  Pylon  
  48  5:23  Stalker  
  48  5:26  Stalker  
  52  5:37  Shield Battery  
  52  5:45  Photon Cannon  
  52  5:50  Photon Cannon  
  52  5:53  Photon Cannon  
  52  5:57  Photon Cannon  
  52  6:05  Probe x2  
  54  6:13  Pylon  
  54  6:14  Photon Cannon  
  54  6:18  Probe x2, Photon Cannon  
  55  6:20  Assimilator  
  55  6:24  Assimilator  
  56  6:36  Photon Cannon  
  56  6:41  Probe x2  
  56  6:42  Photon Cannon  
  56  6:44  Shield Battery  
  58  6:48  Gateway  
  58  6:50  Gateway  
  58  6:55  Gateway  
  58  7:13  Robotics Facility  
  58  7:21  Stalker x2  
  62  7:23  Stalker x2  
  66  7:35  Shield Battery  
  66  7:38  Photon Cannon  
  66  7:47  Photon Cannon  
  66  7:49  Photon Cannon  
  66  7:53  Stalker x2  
  66  7:54  Observer, Stalker  
  73  8:11  Warp Prism  
  73  8:14  Gateway  
  75  8:32  Probe x2, Nexus  
  77  8:34  Pylon  
  77  8:44  Probe x2  
  71  9:10  Stalker x3  
  71  9:11  Stalker x3  
  71  9:12  Stalker  
Show
View Real Time Build Order
Export as new Build Order

Massa Terran - Winner!

Build Orders:  

Get SALT Encoding   

  12  0:08  SCV  
  13  0:16  Supply Depot  
  13  0:20  SCV  
  14  0:32  SCV  
  15  0:39  Barracks  
  15  0:44  SCV  
  16  0:56  SCV  
  17  1:06  Refinery  
  17  1:08  SCV  
  18  1:20  SCV  
  19  1:28  Marine  
  20  1:36  Command Center  
  20  1:38  SCV  
  21  1:50  SCV  
  22  1:59  Marine  
  22  2:15  SCV  
  23  2:23  Supply Depot  
  23  2:41  Barracks Tech Lab  
  23  2:43  Supply Depot  
  23  2:45  SCV  
  24  2:57  SCV  
  25  3:02  Orbital Command  
  25  3:09  SCV  
  26  3:15  Factory  
  26  3:18  Refinery  
  26  3:21  SCV, Engineering Bay  
  27  3:28  Barracks  
  27  3:30  SCV  
  27  3:33  SCV  
  29  3:34  Marauder  
  31  3:42  SCV  
  31  3:45  SCV  
  33  3:51  Terran Infantry Weapons Level 1  
  33  3:54  SCV  
  34  3:59  Orbital Command  
  36  4:02  Marauder  
  36  4:03  Factory Tech Lab  
  36  4:07  SCV  
  37  4:12  Factory  
  37  4:16  Barracks Tech Lab  
  37  4:18  Stimpack  
  37  4:19  SCV  
  38  4:29  Refinery  
  38  4:31  SCV  
  39  4:33  Refinery  
  39  4:35  Missile Turret  
  39  4:43  SCV, Siege Tank  
  43  4:46  SCV  
  48  4:52  Marauder  
  48  4:53  Marauder  
  48  4:55  SCV  
  48  4:58  SCV  
  48  4:59  Factory Tech Lab  
  50  5:07  SCV  
  50  5:11  SCV  
  54  5:14  Marauder  
  54  5:20  Supply Depot  
  54  5:23  Armory  
  54  5:42  SCV, Marauder, Siege Tank  
  60  5:44  Supply Depot  
  60  5:45  Command Center  
  60  5:49  Marauder  
  62  5:54  Concussive Shells  
  62  5:59  Terran Infantry Armor Level 1  
  62  6:05  SCV x2  
  62  6:06  Marauder  
  62  6:07  Supply Depot  
  62  6:11  Marauder  
  68  6:15  Supply Depot  
  68  6:18  Missile Turret  
  68  6:24  Supply Depot  
  68  6:27  Marauder  
  68  6:29  Siege Tank  
  68  6:30  Supply Depot  
  68  6:32  Marauder  
  75  6:33  Terran Vehicle Weapons Level 1  
  75  6:37  Supply Depot  
  75  6:40  Starport  
  75  6:48  Supply Depot  
  75  7:01  Supply Depot  
  75  7:04  SCV  
  75  7:05  SCV  
  77  7:15  Marauder x2  
  81  7:16  SCV  
  81  7:17  SCV  
  81  7:18  Missile Turret  
  83  7:25  Barracks  
  83  7:28  SCV  
  83  7:29  SCV  
  85  7:36  Marauder  
  89  7:37  Marauder  
  89  7:38  Engineering Bay  
  89  7:41  SCV x2  
  89  7:42  Medivac  
  93  7:53  SCV x2  
  93  7:58  Marauder x2  
  100  8:04  Orbital Command  
  100  8:05  SCV x2  
  101  8:07  Thor  
  101  8:08  Thor  
  101  8:12  Medivac  
  115  8:15  Barracks Reactor  
  115  8:19  Marauder, Marine, Supply Depot  
  118  8:22  Supply Depot  
  118  8:37  Marauder  
  118  8:41  Marauder  
  122  8:52  Marine x2  
  130  8:59  Marauder  
  130  9:02  Marauder  
Show
View Real Time Build Order
Export as new Build Order

qqq Protoss - Winner!

Build Orders: 1 Gate Expand, Phoenix Opening 

Get SALT Encoding   

  12  0:02  Probe  
  13  0:14  Pylon  
  13  0:26  Pylon  
  13  0:32  Probe  
  14  0:44  Probe  
  14  0:48  Gateway  
  15  0:56  Probe  
  16  1:03  Pylon  
  16  1:09  Probe  
  17  1:33  Nexus  
  17  1:43  Cybernetics Core  
  17  1:49  Assimilator  
  17  1:54  Assimilator  
  17  1:56  Probe  
  18  2:09  Probe  
  19  2:20  Stalker  
  19  2:21  Probe  
  22  2:33  Probe  
  23  2:42  Stalker  
  23  2:45  Probe  
  23  2:50  Probe  
  27  2:57  Probe  
  28  3:02  Probe  
  29  3:13  Stargate  
  29  3:15  Probe  
  31  3:27  Probe  
  31  3:38  Assimilator  
  31  3:39  Probe  
  32  3:43  Assimilator  
  32  3:45  Stargate  
  32  3:51  Probe  
  32  3:53  Phoenix  
  35  4:03  Probe  
  36  4:11  Probe  
  37  4:18  Phoenix  
  37  4:19  Probe  
  40  4:29  Probe, Phoenix  
  43  4:40  Stargate  
  43  4:41  Probe  
  43  4:42  Forge  
  43  4:44  Phoenix  
  46  4:53  Probe  
  47  5:06  Probe  
  48  5:08  Phoenix  
  48  5:16  Phoenix  
  48  5:18  Probe  
  52  5:27  Probe  
  49  5:30  Probe, Phoenix  
  52  5:39  Probe  
  52  5:42  Probe  
  54  5:48  Fleet Beacon  
  54  5:55  Pylon  
  54  5:59  Protoss Air Weapons Level 1  
  54  6:13  Probe x2, Phoenix  
  58  6:21  Phoenix  
  58  6:23  Pylon  
  58  6:25  Probe x2  
  62  6:31  Anion Pulse-Crystals  
  62  6:41  Probe x2, Phoenix  
  66  6:53  Probe  
  67  6:55  Pylon  
  67  6:57  Pylon x2  
  67  6:59  Pylon  
  67  7:07  Pylon  
  67  7:10  Phoenix  
  67  7:13  Probe  
  67  7:15  Phoenix  
  72  7:17  Phoenix  
  74  7:26  Probe  
  74  7:27  Pylon  
  74  7:28  Phoenix  
  75  7:32  Pylon  
  75  7:36  Pylon  
  77  7:40  Phoenix  
  77  7:42  Phoenix  
  81  7:55  Phoenix  
  83  8:04  Phoenix  
  85  8:13  Phoenix  
  87  8:32  Nexus  
  87  8:37  Assimilator  
  87  8:39  Assimilator  
  87  8:44  Pylon  
  87  8:47  Photon Cannon  
  87  8:49  Photon Cannon  
Tags
 
Add a new tag
Caveats
  • Supply blocks, unpowered buildings, or Contaminate may cause inaccurate times.
  • Supply counts are checked every 10 seconds.